 Dungeon Crawl Stone Soup version 0.28-a0-630-g0357d9c091 (webtiles) character file.

Game seed: 1279551248363487212

18020 Gargoyl the Fighter (level 12, -3/97 HPs)
             Began as a Gnoll Abyssal Knight on Oct 9, 2021.
             Was a High Priest of Lugonu.
             Slain by a death yak (18 damage)
             ... on level 1 of the Lair of Beasts.
             The game lasted 00:18:55 (15180 turns).

Gargoyl the Fighter (Gnoll Abyssal Knight)         Turns: 15180, Time: 00:18:56

Health: -3/97      AC: 18    Str: 24    XL:     12   Next: 54%
Magic:  14/14      EV: 11    Int:  9    God:    Lugonu [*****.]
Gold:   703        SH: 10    Dex: 15    Spells: 25/25 levels left

rFire   + . .      SeeInvis +   m - +2 dagger (venom)
rCold   + + .      Faith    .   q - +0 kite shield
rNeg    . . .      Spirit   .   u - +2 chain mail {rF+}
rPois   .          Reflect  .   t - +1 hat {SInv}
rElec   .          Harm     .   v - +0 cloak
rCorr   .          Rampage  .   d - +0 pair of gloves
Will    +....                   s - +0 pair of boots {Stlth+}
Stlth   +++.......              n - amulet of the acrobat
HPRegen 0.26/turn               k - +6 ring of strength
MPRegen 0.14/turn               G - ring of the Heavens {rC++ Will+ MP-9 Str+2 Int-2}

@: about to teleport
A: fangs 1, strong nose, distributed training, talons 1, thin skeletal structure
1, passive freeze, sturdy frame 1
a: Renounce Religion, Depart the Abyss, Bend Space, Banish, Corrupt, Enter the
Abyss


You were on level 1 of the Lair of Beasts.
You worshipped Lugonu.
Lugonu was extremely pleased with you.
You visited 2 branches of the dungeon, and saw 13 of its levels.
You visited the Abyss 1 time.

You collected 758 gold pieces.
You spent 55 gold pieces at shops.

Inventory:

Hand Weapons
 e - a +1 war axe
 i - a +2 vampiric hand axe
 m - a +2 dagger of venom (weapon)
 E - a +4 scimitar of flaming
Missiles
 c - a curare-tipped dart
 g - 2 throwing nets
 F - 5 poisoned darts (quivered)
Armour
 d - a +0 pair of gloves (worn)
 q - a +0 kite shield (worn)
 s - a +0 pair of boots of stealth (worn)
 t - a +1 hat of see invisible (worn)
 u - a +2 chain mail of fire resistance (worn)
 v - a +0 cloak (worn)
Jewellery
 k - a +6 ring of strength (left hand)
 n - an amulet of the acrobat (around neck)
 G - the ring of the Heavens (right hand) {rC++ Will+ MP-9 Str+2 Int-2}
   (You acquired it on level 2 of the Lair of Beasts)

   [ring of willpower]

   Str:       It affects your strength (+2).
   Int:       It affects your intelligence (-2).
   rC:        It greatly protects you from cold.
   MP:        It affects your magic capacity (-9).
   Will:      It increases your willpower.
Wands
 b - a wand of iceblast (11)
 x - a wand of paralysis (12)
 y - a wand of mindburst (20)
 z - a wand of polymorph (10)
Scrolls
 a - a scroll of summoning
 w - 3 scrolls of identify
 A - a scroll of magic mapping
 B - 2 scrolls of holy word
 D - a scroll of blinking
Potions
 f - 2 potions of lignification
 h - 3 potions of curing
 j - 2 potions of flight
 p - a potion of attraction
 r - a potion of brilliance
Miscellaneous
 C - a lightning rod (4/4)


   Skills:
 + Level 9.9 Fighting
 + Level 7.4 Short Blades
 + Level 7.4 Long Blades
 + Level 8.8 Axes
 + Level 7.4 Maces & Flails
 + Level 7.4 Polearms
 + Level 7.4 Staves
 + Level 7.4 Slings
 + Level 7.4 Bows
 + Level 7.4 Crossbows
 + Level 7.4 Throwing
 + Level 8.8 Armour
 + Level 7.9 Dodging
 + Level 7.4 Stealth
 + Level 7.4 Shields
 + Level 7.4 Unarmed Combat
 + Level 7.4 Spellcasting
 + Level 6.1 Conjurations
 + Level 6.1 Hexes
 + Level 6.1 Summonings
 + Level 6.1 Necromancy
 + Level 6.1 Translocations
 + Level 6.1 Transmutations
 + Level 6.1 Fire Magic
 + Level 6.1 Ice Magic
 + Level 6.1 Air Magic
 + Level 6.1 Earth Magic
 + Level 6.1 Poison Magic
 + Level 9.4 Invocations
 + Level 7.4 Evocations


You had 25 spell levels left.
You didn't know any spells.
Your spell library contained the following spells:

 Spells                   Type           Power      Damage    Failure   Level
 Foxfire                  Conj/Fire      56%        2x1d6     16%         1
 Blink                    Tloc           N/A        N/A       22%         2
 Ensorcelled Hibernation  Hex/Ice        28%        N/A       22%         2
 Conjure Flame            Conj/Fire      14%        6-21      41%         3
 Gell's Gravitas          Tloc           7%         N/A       41%         3
 Ignite Poison            Fire/Tmut/Pois 14%        N/A       41%         3
 Inner Flame              Hex/Fire       14%        N/A       41%         3
 Lesser Beckoning         Tloc           14%        N/A       41%         3
 Mephitic Cloud           Conj/Pois/Air  14%        N/A       41%         3
 Spider Form              Tmut/Pois      7%         N/A       41%         3
 Stone Arrow              Conj/Erth      28%        3d8       41%         3
 Teleport Other           Tloc           14%        N/A       41%         3
 Animate Armour           Summ/Erth      28%        N/A       83%         4
 Flame Wave               Conj/Fire      14%        3d5       83%         4
 Sticky Flame             Conj/Fire      14%        2d4       83%         4
 Freezing Cloud           Conj/Ice/Air   7%         6-21      99%         5
 Manifold Assault         Tloc           14%        N/A       99%         5
 Simulacrum               Ice/Necr       7%         N/A       100%        6
 Lehudib's Crystal Spear  Conj/Erth      7%         10d3      100%        8
 Polar Vortex             Ice            7%         N/A       100%        9


Dungeon Overview and Level Annotations

Branches:
Dungeon (11/15)            Temple (0/1) D:4            Lair (2/6) D:9
    Orc (0/2) D:10
  Swamp: Lair:2-4    Shoals: Lair:2-4     Snake: Lair:2-4    Spider: Lair:2-4

Altars:
Cheibriados
Dithmenos
Fedhas
Gozag
Hepliaklqana
Kikubaaqudgha
Makhleb
Nemelex Xobeh
Okawaru
Ru
Trog
Uskayaw
Xom
The Shining One

Shops:
D:3 !   D:11 **:

Annotations:
D:11 3 runed translucent doors, exclusion: obsidian statue, kuniqs's ghost, novice MiCA


Innate Abilities, Weirdness & Mutations

You have very sharp teeth.
Your uncanny sense of smell can sniff out nearby items.
Your experience applies equally to all skills.
You have sharp toenails.
You have a somewhat thin skeletal structure. (Dex +2, Stealth+)
A frigid envelope surrounds you and freezes all who hurt you.
Your movements are slightly less encumbered by armour. (ER -2)


Message History

The death yak is almost dead.
You hit the death yak.
You kill the death yak!
Lugonu accepts your kill.
Your chain mail prevents you from hitting the death yak.
The death yak is moderately wounded.
You block the death yak's attack.
You hit the death yak.
You bite the death yak, but do no damage.
The death yak is moderately wounded.
The death yak looks more healthy.
The death yak gores you!
The death yak is very cold.
The death yak is moderately wounded.
You barely miss the death yak.
The death yak is moderately wounded.
You block the death yak's attack.
Your chain mail prevents you from hitting the death yak.
The death yak is moderately wounded.
You hit the death yak but do no damage.
The death yak is poisoned.
The death yak is moderately wounded.
The death yak gores you!!
* * * LOW HITPOINT WARNING * * *
The death yak is very cold.
The death yak is heavily wounded.
Unknown command.
Space bends around you!
You blink.
The death yak barely misses you. You block the death yak's attack.
The death yak gores you.
* * * LOW HITPOINT WARNING * * *
The death yak is very cold.
The death yak is lightly wounded.
There is a stone staircase leading up here.
You climb upwards.
There is a stone staircase leading down here.
You feel better. The death yak barely misses you.
The death yak gores you but does no damage.
As you read the scroll of teleportation, it crumbles to dust.
You feel strangely unstable. You block the death yak's attack.
The death yak gores you!!
You die...

###### ######## ### ### ###
####.#..####P##.#P####.###.####.#
......^..........................
.................................
####P.....P.####.#...............
.####....#......@#......##+##....
...##....#.....YY#.....#......+..
...##....+.......#.....+......#..
...#P.........................#..
...##....#.......................
#.###............#.....#.........
#.##.....#.............#.........
..........#+.#.###.......P+##.#..
.................................


You could see 2 death yaks.

Vanquished Creatures
  Gastronok (Lair:1)
  Harold (D:7)
  Erica (D:11)
  A two-headed ogre (D:9)
  A death yak (Lair:2)
  Pikel (D:3)
  A cyclops (D:10)
  2 manticores
  2 black mambas (Lair:1)
  A cane toad (Lair:1)
  Psyche (D:11)
  4 komodo dragons
  A kobold demonologist (D:9)
  A troll (D:11)
  3 slime creatures (D:11)
  A meliai zombie (D:11)
  A wyvern (Lair:2)
  Sigmund (D:4)
  10 yaks
  2 shadows
  A wraith (D:11)
  2 steam dragons
  Edmund (D:4)
  2 acid dragons
  6 water moccasins
  7 orc warriors
  2 ice beasts
  2 black bears
  A necrophage (D:4)
  An ogre (D:4)
  4 centaurs
  6 wolves (Lair:1)
  7 bullfrogs
  3 scorpions
  A wyvern zombie (D:6)
  A water moccasin zombie (D:5)
  18 killer bees
  6 howler monkeys
  3 crimson imps (D:9)
  A bullfrog zombie (D:5)
  2 jellies
  6 centaur zombies
  3 bullfrog skeletons
  2 centaur skeletons
  5 orc priests
  4 hounds
  2 iguanas
  Jessica (D:3)
  13 orc wizards
  Ijyb (D:3)
  4 hell rats (Lair:1)
  3 howler monkey zombies
  Robin (D:4)
  3 adders
  2 river rats (Lair:1)
  A shadow imp (D:7)
  A white imp (D:5)
  2 worms
  2 dart slugs
  43 orcs
  3 ball pythons
  5 endoplasms
  8 giant cockroaches
  13 hobgoblins
  8 jackals
  6 kobolds
  2 quokkas
  6 bats
  2 frilled lizards
  14 goblins
  11 rats
291 creatures vanquished.

Vanquished Creatures (others)
  2 orcs (D:6)
  46 fungi
  61 plants
109 creatures vanquished.

Grand Total: 400 creatures vanquished

Notes
Turn   | Place    | Note
-------+----------+-------------------------------------------
     0 | Abyss:1  | Gargoyl the Gnoll Abyssal Knight began the quest for the
                  | Orb.
     0 | Abyss:1  | Reached XP level 1. HP: 23/23 MP: 3/3
   211 | Abyss:2  | Found a corrupted altar of Lugonu.
   252 | Abyss:3  | Noticed a harpy zombie
   256 | Abyss:3  | Noticed a raiju
   258 | D:1      | Escaped the Abyss
   376 | D:1      | Reached XP level 2. HP: 25/29 MP: 5/5
   470 | D:1      | Reached * piety under Lugonu
   769 | D:1      | Reached XP level 3. HP: 26/35 MP: 6/6
  1221 | D:1      | Found a faded altar of an unknown god.
  1625 | D:2      | Found an iron altar of Okawaru.
  1868 | D:2      | Reached ** piety under Lugonu
  2093 | D:3      | Noticed Jessica
  2107 | D:3      | Killed Jessica
  2108 | D:3      | Reached skill level 1 in Short Blades
  2108 | D:3      | Reached skill level 1 in Long Blades
  2108 | D:3      | Reached skill level 1 in Maces & Flails
  2108 | D:3      | Reached skill level 1 in Polearms
  2108 | D:3      | Reached skill level 1 in Staves
  2108 | D:3      | Reached skill level 1 in Slings
  2108 | D:3      | Reached skill level 1 in Bows
  2108 | D:3      | Reached skill level 1 in Crossbows
  2108 | D:3      | Reached skill level 1 in Throwing
  2108 | D:3      | Reached skill level 1 in Stealth
  2108 | D:3      | Reached skill level 1 in Shields
  2108 | D:3      | Reached skill level 1 in Unarmed Combat
  2108 | D:3      | Reached skill level 1 in Spellcasting
  2108 | D:3      | Reached skill level 1 in Evocations
  2108 | D:3      | Reached XP level 4. HP: 39/41 MP: 4/7
  2164 | D:3      | Reached skill level 1 in Conjurations
  2164 | D:3      | Reached skill level 1 in Hexes
  2164 | D:3      | Reached skill level 1 in Summonings
  2164 | D:3      | Reached skill level 1 in Necromancy
  2164 | D:3      | Reached skill level 1 in Translocations
  2164 | D:3      | Reached skill level 1 in Transmutations
  2164 | D:3      | Reached skill level 1 in Fire Magic
  2164 | D:3      | Reached skill level 1 in Ice Magic
  2164 | D:3      | Reached skill level 1 in Air Magic
  2164 | D:3      | Reached skill level 1 in Earth Magic
  2164 | D:3      | Reached skill level 1 in Poison Magic
  2184 | D:3      | Noticed Ijyb
  2205 | D:3      | Killed Ijyb
  2206 | D:3      | Reached XP level 5. HP: 42/47 MP: 8/8
  2400 | D:3      | Found a bloodstained altar of Trog.
  2534 | D:3      | Found Gusmy's Distillery.
  2537 | D:3      | Bought a potion of heal wounds for 55 gold pieces
  2667 | D:3      | Found a burning altar of Makhleb.
  2667 | D:3      | Found a sparkling altar of Nemelex Xobeh.
  2687 | D:4      | Noticed Robin
  2694 | D:4      | Killed Robin
  2696 | D:4      | Noticed Pikel
  2700 | D:4      | Noticed a lemure
  2700 | D:4      | Noticed a lemure
  2702 | D:4      | Noticed a lemure
  2729 | D:3      | Killed Pikel
  2730 | D:3      | Reached skill level 5 in Axes
  2730 | D:3      | Reached skill level 5 in Armour
  2730 | D:3      | Reached skill level 5 in Invocations
  2730 | D:3      | Reached XP level 6. HP: 19/55 MP: 4/10
  2730 | D:3      | Reached XP level 7. HP: 21/60 MP: 4/11
  3276 | D:4      | Noticed Sigmund
  3294 | D:4      | Killed Sigmund
  3295 | D:4      | Reached XP level 8. HP: 31/67 MP: 5/12
  3556 | D:4      | Noticed Edmund
  3610 | D:4      | Killed Edmund
  4310 | D:4      | Found a staircase to the Ecumenical Temple.
  4584 | D:5      | Entered Level 5 of the Dungeon
  4586 | D:5      | Identified a scroll of acquirement
  4586 | D:5      | Acquired a +6 ring of strength
  4762 | D:5      | Reached *** piety under Lugonu
  5415 | D:6      | Reached XP level 9. HP: 30/73 MP: 10/14
  6066 | D:6      | Found a shadowy altar of Dithmenos.
  6075 | D:6      | Found a glowing golden altar of the Shining One.
  6183 | D:6      | Reached skill level 5 in Dodging
  6442 | D:6      | Found a hide-covered altar of Uskayaw.
  6787 | D:7      | Gained mutation: You have hidden genetic potential. [potion
                  | of mutation]
  6787 | D:7      | Gained mutation: You have sharp toenails. [potion of
                  | mutation]
  6787 | D:7      | Gained mutation: You have a somewhat thin skeletal
                  | structure. (Dex +2, Stealth+) [potion of mutation]
  6849 | D:7      | Noticed Harold
  6885 | D:7      | Killed Harold
  7166 | D:7      | Found a hazy altar of Hepliaklqana.
  7218 | D:7      | Reached XP level 10. HP: 71/80 MP: 14/17
  7303 | D:7      | Found a blossoming altar of Fedhas.
  8018 | D:8      | Reached **** piety under Lugonu
  8019 | D:8      | Reached skill level 5 in Short Blades
  8019 | D:8      | Reached skill level 5 in Long Blades
  8019 | D:8      | Reached skill level 5 in Maces & Flails
  8019 | D:8      | Reached skill level 5 in Polearms
  8019 | D:8      | Reached skill level 5 in Staves
  8019 | D:8      | Reached skill level 5 in Slings
  8019 | D:8      | Reached skill level 5 in Bows
  8019 | D:8      | Reached skill level 5 in Crossbows
  8019 | D:8      | Reached skill level 5 in Throwing
  8019 | D:8      | Reached skill level 5 in Stealth
  8019 | D:8      | Reached skill level 5 in Shields
  8019 | D:8      | Reached skill level 5 in Unarmed Combat
  8019 | D:8      | Reached skill level 5 in Spellcasting
  8019 | D:8      | Reached skill level 5 in Evocations
  8705 | D:9      | Noticed a manticore
  8710 | D:9      | Noticed a two-headed ogre
  8714 | D:9      | Killed a manticore
  8719 | D:9      | Gained mutation: A frigid envelope surrounds you and
                  | freezes all who hurt you. [hidden potential]
  8734 | D:9      | Killed a two-headed ogre
  8738 | D:9      | HP: 3/82 [killer bee (3)]
  9293 | D:9      | Found a staircase to the Lair.
  9736 | D:9      | Reached XP level 11. HP: 87/87 MP: 19/19
  9846 | D:9      | Found an opulent altar of Gozag.
  9892 | D:9      | Noticed a soul eater
  9911 | D:9      | Noticed a soul eater
 10114 | D:9      | Found an ancient bone altar of Kikubaaqudgha.
 10285 | D:9      | Found a shimmering altar of Xom.
 10367 | D:10     | Entered Level 10 of the Dungeon
 10385 | D:10     | Noticed a cyclops
 10397 | D:10     | Killed a cyclops
 10398 | D:10     | Reached skill level 5 in Conjurations
 10398 | D:10     | Reached skill level 5 in Hexes
 10398 | D:10     | Reached skill level 5 in Summonings
 10398 | D:10     | Reached skill level 5 in Necromancy
 10398 | D:10     | Reached skill level 5 in Translocations
 10398 | D:10     | Reached skill level 5 in Transmutations
 10398 | D:10     | Reached skill level 5 in Fire Magic
 10398 | D:10     | Reached skill level 5 in Ice Magic
 10398 | D:10     | Reached skill level 5 in Air Magic
 10398 | D:10     | Reached skill level 5 in Earth Magic
 10398 | D:10     | Reached skill level 5 in Poison Magic
 10480 | D:10     | Found a sacrificial altar of Ru.
 10488 | D:10     | Reached ***** piety under Lugonu
 10601 | D:10     | Found a staircase to the Orcish Mines.
 10614 | D:10     | Gained mutation: Your movements are slightly less
                  | encumbered by armour. (ER -2) [hidden potential]
 10614 | D:10     | Lost mutation: You have hidden genetic potential. [hidden
                  | potential expressed]
 10840 | D:10     | Found a snail-covered altar of Cheibriados.
 11914 | D:11     | Found a runed translucent gate.
 11915 | D:11     | Found a runed translucent gate.
 11915 | D:11     | Found an opulent altar of Gozag.
 11916 | D:11     | Found a runed translucent gate.
 11917 | D:11     | Noticed an obsidian statue
 11918 | D:11     | Noticed kuniqs's ghost (novice MiCA)
 11918 | D:11     | Noticed a tengu warrior
 11919 | D:11     | Noticed a fire giant
 11919 | D:11     | Noticed a cyan ugly thing
 11920 | D:11     | Found Pish's Assorted Antiques.
 12056 | D:11     | Noticed Psyche
 12065 | D:11     | Killed Psyche
 12215 | D:11     | Found Enuweppifeu's Book Emporium.
 12226 | D:11     | Noticed Erica
 12247 | D:11     | Killed Erica
 13000 | D:11     | Noticed a manticore
 13010 | D:11     | Killed a manticore
 13107 | D:11     | Found Uxtohoul's CLEARANCE SALE!.
 13411 | Lair:1   | Entered Level 1 of the Lair of Beasts
 13470 | Lair:1   | Reached XP level 12. HP: 88/96 MP: 22/22
 13616 | Lair:1   | Noticed Gastronok
 13647 | Lair:1   | Killed Gastronok
 14998 | Lair:2   | Acquired the ring of the Heavens {rC++ Will+ MP-9 Str+2
                  | Int-2}
 15126 | Lair:2   | Noticed a death yak
 15128 | Lair:2   | Noticed a death yak
 15128 | Lair:2   | Noticed a death yak
 15129 | Lair:2   | Noticed a death yak
 15130 | Lair:2   | Noticed a death yak
 15168 | Lair:2   | Killed a death yak
 15180 | Lair:1   | Slain by a death yak

Illustrated notes

Levels and vault maps discovered:
D:1:      elethiomel_arrival_diamonds, layout_loops_cross,
          dilly_ecumenical_altar_fadedgnrine
D:2:      layout_basic, basic_altar, minmay_fountain_box
D:3:      layout_rooms, mainiacjoe_overflow_surrounded_room,
          gammafunk_temple_overflow_wave, serial_shops,
          nicolae_shop_behind_doors, uniq_ijyb, uniq_jessica
D:4:      layout_basic, minmay_temple_entry_mist, st_stairs_8,
          minmay_checkerbox, uniq_robin, uniq_edmund, uniq_sigmund, uniq_pikel
D:5:      layout_loops_cross, corexii_corridor_pit, minmay_misc_feat_columns,
          kennysheep_cross_bottleneck
D:6:      layout_basic, mainiacjoe_overflow_swirl, mainiacjoe_overflow_alcove_4,
          chequers_serial_rivers_room_a
D:7:      layout_loops_ring, mainiacjoe_overflow_small_starburst,
          fedhas_altar_1, uniq_harold
D:8:      layout_loops_cross
D:9:      layout_roguey, led_xom_imps, nicolae_kikubaaqudgha_miasma_corner,
          mainiacjoe_overflow_tiny_flanked, due_lair_maze_entry_diamond
D:10:     nicolae_whirlpool, layout_irregular_city,
          nicolae_ru_great_annihilating_truth, cheibrodos_worm_habitat,
          orc_david_3, roderic_nine_men_s_morris
D:11:     layout_loops_ring, serial_shops, shop, ebering_ghost_gozag,
          nicolae_shop_clearance, uniq_erica, uniq_psyche
Lair:1:   layout_regular_city, kennysheep_abandoned_house, lemuel_fruit_tree,
          uniq_gastronok
Lair:2:   layout_big_grid, nicolae_quartered_pool_super, grunt_megastairs_2

Skill      XL: |  1  2  3  4  5  6  7  8  9 10 11 12 |
---------------+-------------------------------------+-----
Short Blades   | 1 2 3 4 5 6 7 |  7.4
Long Blades    | 1 2 3 4 5 6 7 |  7.4
Maces & Flails | 1 2 3 4 5 6 7 |  7.4
Polearms       | 1 2 3 4 5 6 7 |  7.4
Staves         | 1 2 3 4 5 6 7 |  7.4
Slings         | 1 2 3 4 5 6 7 |  7.4
Bows           | 1 2 3 4 5 6 7 |  7.4
Crossbows      | 1 2 3 4 5 6 7 |  7.4
Throwing       | 1 2 3 4 5 6 7 |  7.4
Stealth        | 1 2 3 4 5 6 7 |  7.4
Shields        | 1 2 3 4 5 6 7 |  7.4
Unarmed Combat | 1 2 3 4 5 6 7 |  7.4
Spellcasting   | 1 2 3 4 5 6 7 |  7.4
Evocations     | 1 2 3 4 5 6 7 |  7.4
Conjurations   | 1 2 3 4 5 6 |  6.1
Hexes          | 1 2 3 4 5 6 |  6.1
Summonings     | 1 2 3 4 5 6 |  6.1
Necromancy     | 1 2 3 4 5 6 |  6.1
Translocations | 1 2 3 4 5 6 |  6.1
Transmutations | 1 2 3 4 5 6 |  6.1
Fire Magic     | 1 2 3 4 5 6 |  6.1
Ice Magic      | 1 2 3 4 5 6 |  6.1
Air Magic      | 1 2 3 4 5 6 |  6.1
Earth Magic    | 1 2 3 4 5 6 |  6.1
Poison Magic   | 1 2 3 4 5 6 |  6.1
Dodging        | 3 4 5 6 7 |  7.9
Fighting       | 7 8 9 |  9.9
Axes           | 5 6 7 8 |  8.8
Armour         | 5 6 7 8 |  8.8
Invocations    | 5 6 7 8 9 |  9.4

Action                   |  1- 3 |  4- 6 |  7- 9 | 10-12 || total
-------------------------+-------+-------+-------+-------++-------
Melee: Hand axe          |    81 |       |       |       ||    81
       Bite              |    10 |     8 |    63 |   165 ||   246
       War axe           |    43 |    89 |    10 |       ||   142
       Dagger            |       |       |   439 |   835 ||  1274
Throw: Throwing net      |       |     1 |       |       ||     1
       Dart              |       |       |       |     2 ||     2
Invok: Depart the Abyss  |     1 |       |       |       ||     1
       Bend Space        |       |     1 |       |     4 ||     5
       Banish            |       |       |       |     1 ||     1
Evoke: Wand              |       |     2 |       |     2 ||     4
  Use: Scroll            |     6 |     2 |     7 |     9 ||    24
       Potion            |       |       |     3 |     7 ||    10
 Stab: Sleeping          |       |       |       |    10 ||    10
       Paralysed         |       |       |       |     1 ||     1
Armor: Leather armour    |     8 |       |       |       ||     8
       Chain mail        |    51 |    86 |   199 |   386 ||   722
Dodge: Dodged            |    51 |    28 |   135 |   249 ||   463
Block: Buckler           |    19 |    17 |    62 |     1 ||    99
       Kite shield       |       |       |       |   402 ||   402

Table legend: (Time is in decaauts)
 A = Elapsed time spent in this place.
 B = Non-inter-level travel time spent in this place.
 C = Inter-level travel time spent in this place.
 D = Time resting spent in this place.
 E = Time spent auto-exploring this place.
 F = Levels seen in this place.
 G = Mean time per level.
                   A        B        C        D        E       F      G
               +--------+--------+--------+--------+--------+-----+--------+
         Total |  15083 |  14770 |    313 |   1541 |  10024 |  16 |  942.7 |
       Dungeon |  13103 |  12804 |    299 |   1344 |   8767 |  11 | 1191.2 |
          Lair |   1722 |   1709 |     13 |    161 |   1166 |   2 |  861.0 |
         Abyss |    257 |    257 |      0 |     36 |     91 |   3 |   85.7 |
               +--------+--------+--------+--------+--------+-----+--------+

Top non-repeatable levels by time:
    D:11: 1914 daAuts
     D:4: 1648 daAuts
  Lair:1: 1550 daAuts
     D:8: 1435 daAuts
     D:9: 1207 daAuts
     D:6: 1143 daAuts
     D:1: 1098 daAuts
    D:10: 1083 daAuts
     D:7: 1029 daAuts
     D:5: 925 daAuts
     D:3: 857 daAuts
     D:2: 760 daAuts
 Abyss:1: 208 daAuts
  Lair:2: 171 daAuts
 Abyss:2: 37 daAuts
